 Dungeon Crawl Stone Soup version 0.32-a0-468-g38b2580584 (webtiles) character file.

Game seed: 11491577947992799809

26 Dirtsage the Chopper (level 2, -2/26 HPs)
             Began as a Mountain Dwarf Fighter on Feb 24, 2024.
             Succumbed to a goblin's poison
             ... on level 2 of the Dungeon.
             The game lasted 00:01:09 (1344 turns).

Dirtsage the Chopper (Mountain Dwarf Fighter)       Turns: 1344, Time: 00:01:10

Health: -2/26      AC:  6    Str: 18    XL:     2   Next: 89%
Magic:  2/2        EV:  8    Int:  8    God:
Gold:   109        SH:  7    Dex:  9    Spells: 1/1 levels left

rFire   + . .        a - +0 war axe
rCold   + . .        i - +0 kite shield
rNeg    . . .        b - +0 scale mail
rPois   +            (no helmet)
rElec   +            (no cloak)
rCorr   +            (no gloves)
SInv    .            (no boots)
Will    .....        (no amulet) Stlth
                     (no ring)
HPRegen 0.24/turn    (no ring)
MPRegen 0.08/turn

%: no passive effects
@: lethally poisoned (-2 -> -15), resistant, hasted, very quick
A: runic magic, artefact enchanting
a: no special abilities


You were on level 2 of the Dungeon.
You visited 1 branch of the dungeon, and saw 2 of its levels.

You collected 109 gold pieces.

Inventory:

Hand Weapons
 a - a +0 war axe (weapon)
Armour
 b - a +0 scale mail (worn)
 c - a +0 buckler
 i - a +0 kite shield (worn)
Magical Staves
 h - a staff of death
Scrolls
 f - a scroll of immolation {unknown}
 g - a scroll of enchant weapon {unknown}
Potions
 d - a potion of might
 n - a potion of resistance


   Skills:
 - Level 3.2 Fighting
 + Level 4.2 Axes
 - Level 3.2 Armour
 - Level 3.2 Shields


You had one spell level left.
You didn't know any spells.
Your spell library was empty.

Dungeon Overview and Level Annotations

Branches:
Dungeon (2/15)

Altars:


Innate Abilities, Weirdness & Mutations

Your spellcasting is much less encumbered by armour.
You can use scrolls of enchantment on lesser artefacts.


Message History

A goblin comes into view. It is wielding a +0 dagger.
You block the goblin's attack.
You closely miss the goblin.
You feel very sick.
The goblin hits you with a +1 dagger of venom.
You are more poisoned.
You take 6 damage, and have 20/26 hp.
MASSIVE DAMAGE!!
You miss the goblin.
You feel very sick.
The goblin hits you with a +1 dagger of venom. x2
You are lethally poisoned!
You take 6 damage, and have 14/26 hp.
MASSIVE DAMAGE!!
You are too injured to fight recklessly!
You are too injured to fight recklessly!
You are too injured to fight recklessly!
You are too injured to fight recklessly!
You are too injured to fight recklessly!
You are too injured to fight recklessly!
You are too injured to fight recklessly!
You are too injured to fight recklessly!
You are too injured to fight recklessly!
You are too injured to fight recklessly!
Okay, then.
You feel very sick.
You take 4 damage, and have 10/26 hp.
It was a potion of resistance.
You feel protected.
n - a potion of resistance
* * * LOW HITPOINT WARNING * * *
You feel very sick. The goblin hits you but does no damage.
You are more poisoned.
You take 4 damage, and have 6/26 hp.
You slash the goblin!
You kill the goblin!
* * * LOW HITPOINT WARNING * * *
You feel very sick.
You take 5 damage, and have 1/26 hp.
It was a potion of haste.
You feel yourself speed up.
You die...

#........#
#.######## #.#
##.#######
######.........
#......)....##. .
#.####..###.##..#
........##......#
#.####..@g...##
#..##......#
.....# #.##..#
####.## .# # .. #
###


You could see a goblin.

Vanquished Creatures
  3 ball pythons (D:2)
  5 endoplasms
  2 goblins (D:2)
  2 hobgoblins (D:2)
  A quokka (D:1)
  2 frilled lizards (D:1)
  8 kobolds
  2 rats (D:1)
25 creatures vanquished.

Notes
Turn   | Place    | Note
-------+----------+-------------------------------------------
     0 | D:1      | Dirtsage the Mountain Dwarf Fighter began the quest for the
                  | Orb.
     0 | D:1      | Reached XP level 1. HP: 19/19 MP: 1/1
   169 | D:1      | Reached skill level 3 in Axes
   490 | D:1      | Reached XP level 2. HP: 26/26 MP: 2/2
  1074 | D:2      | Reached skill level 4 in Axes
  1343 | D:2      | HP: 1/26 [poisoned by a goblin]
  1344 | D:2      | Succumbed to a goblin's poison

Illustrated notes

Levels and vault maps discovered:
D:1:      tarquinn_simple_flora_water_a, layout_basic
D:2:      layout_loops_ring, minmay_cut_off

Skill      XL: |  1  2 |
---------------+-------+-----
Axes           | 3 4 |  4.2
Fighting       | |  3.2
Armour         | |  3.2
Shields        | |  3.2

Action                     || total
---------------------------++-------
  Melee: War axe           ||    63
    Use: Potion            ||     2
 Armour: Scale mail        ||    40
  Dodge: Dodged            ||    20
  Block: Buckler           ||     4
         Kite shield       ||    17

Table legend: (Time is in decaauts)
 A = Elapsed time spent in this place.
 B = Non-inter-level travel time spent in this place.
 C = Inter-level travel time spent in this place.
 D = Time resting spent in this place.
 E = Time spent auto-exploring this place.
 F = Levels seen in this place.
 G = Mean time per level.
                   A        B        C        D        E       F      G
               +--------+--------+--------+--------+--------+-----+--------+
         Total |   1370 |   1273 |     97 |      0 |   1094 |   2 |  685.0 |
       Dungeon |   1370 |   1273 |     97 |      0 |   1094 |   2 |  685.0 |
               +--------+--------+--------+--------+--------+-----+--------+

Top non-repeatable levels by time:
     D:1: 1017 daAuts
     D:2: 353 daAuts
